 Dungeon Crawl Stone Soup version 0.28-a0-1518-gbe868bca14 (webtiles) character file.

Game seed: 6904543045207178053

403 blank1 the Spear-Bearer (level 6, 0/51 HPs)
             Began as a Gnoll Wanderer on Jan 16, 2022.
             Succumbed to a killer bee's poison
             ... on level 4 of the Dungeon.
             The game lasted 00:06:22 (3412 turns).

blank1 the Spear-Bearer (Gnoll Wanderer)            Turns: 3412, Time: 00:06:23

Health: 0/51       AC: 11    Str: 17    XL:     6   Next: 86%
Magic:  11/11      EV:  9    Int:  8    God:
Gold:   247        SH:  7    Dex: 11    Spells: 12/12 levels left

rFire   . . .      SeeInvis .   r - +0 trident
rCold   . . .      Faith    .   g - +0 kite shield
rNeg    . . .      Spirit   .   c - +0 ring mail
rPois   .          Reflect  .   p - +0 helmet
rElec   .          Harm     .   t - +2 cloak
rCorr   .          Rampage  .   l - +0 pair of gloves
Will    .....                   (no boots)
Stlth   +.........              (no amulet)
HPRegen 0.17/turn               (no ring)
MPRegen 0.12/turn               (no ring)

@: lethally poisoned (0 -> -6)
A: fangs 1, strong nose, distributed training
a: no special abilities


You were on level 4 of the Dungeon.
You visited 1 branch of the dungeon, and saw 4 of its levels.

You collected 247 gold pieces.

Inventory:

Hand Weapons
 a - a +2 spear
 r - a +0 trident (weapon)
Armour
 c - a +0 ring mail (worn)
 f - a scarf of invisibility
 g - a +0 kite shield (worn)
 l - a +0 pair of gloves (worn)
 p - a +0 helmet (worn)
 t - a +2 cloak (worn)
Jewellery
 h - a +6 ring of intelligence
 n - an amulet of faith
Scrolls
 b - a scroll of enchant weapon {unknown}
 e - a scroll of noise {unknown}
 j - a scroll of teleportation {unknown}
 m - 2 scrolls of magic mapping {unknown}
 u - 2 scrolls of identify {unknown}
Potions
 d - a potion of degeneration {unknown}
 i - a potion of flight {unknown}
 k - a potion of invisibility
 o - 2 potions of magic
 s - a potion of might {unknown}


   Skills:
 + Level 5.0 Fighting
 + Level 2.1 Short Blades
 + Level 2.1 Long Blades
 + Level 3.3 Axes
 + Level 2.1 Maces & Flails
 + Level 8.8 Polearms
 + Level 2.1 Staves
 + Level 2.1 Slings
 + Level 2.1 Bows
 + Level 2.1 Crossbows
 + Level 2.1 Throwing
 + Level 5.0 Armour
 + Level 2.1 Dodging
 + Level 2.1 Stealth
 + Level 2.1 Shields
 + Level 2.1 Unarmed Combat
 + Level 3.5 Spellcasting
 + Level 1.7 Conjurations
 + Level 1.7 Hexes
 + Level 1.7 Summonings
 + Level 1.7 Necromancy
 + Level 1.7 Translocations
 + Level 1.7 Transmutations
 + Level 1.7 Fire Magic
 + Level 1.7 Ice Magic
 + Level 1.7 Air Magic
 + Level 1.7 Earth Magic
 + Level 1.7 Poison Magic
 + Level 2.3 Invocations
 + Level 2.1 Evocations


You had 12 spell levels left.
You didn't know any spells.
Your spell library was empty.

Dungeon Overview and Level Annotations

Branches:
Dungeon (4/15)
 Temple: D:4-7

Altars:

Shops:
D:4 *


Innate Abilities, Weirdness & Mutations

You have very sharp teeth.
Your uncanny sense of smell can sniff out nearby items.
Your experience applies equally to all skills.


Message History

* * * LOW HITPOINT WARNING * * *
You are poisoned.
The killer bee poisons you!
You puncture the killer bee!
You kill the killer bee!
You feel sick. You block the killer bee's attack.
You hit the killer bee.
The killer bee is severely wounded.
You feel sick.
The killer bee stings you but does no damage. x2
You completely miss the killer bee.
The killer bee is severely wounded.
You feel sick. The killer bee stings you.
* * * LOW HITPOINT WARNING * * *
You are more poisoned.
The killer bee poisons you!
The killer bee stings you but does no damage.
The killer bee barely misses you.
You feel much better.
You feel sick. The killer bee barely misses you.
The killer bee stings you but does no damage.
You hit the killer bee.
You kill the killer bee!
You feel sick. You block the killer bee's attack.
You miss the killer bee. Your bite misses the killer bee.
You feel sick.
The killer bee stings you but does no damage. x2
You miss the killer bee.
You feel sick. The killer bee stings you!
* * * LOW HITPOINT WARNING * * *
You are lethally poisoned!
The killer bee poisons you! The killer bee closely misses you.
You closely miss the killer bee. Your bite misses the killer bee.
* * * LOW HITPOINT WARNING * * *
You feel sick. The killer bee stings you.
* * * LOW HITPOINT WARNING * * *
You block the killer bee's attack.
You closely miss the killer bee.
* * * LOW HITPOINT WARNING * * *
You feel sick. The killer bee closely misses you. The killer bee stings you.
* * * LOW HITPOINT WARNING * * *
You miss the killer bee.
You die...

#....#.#.######.####...........
#..#!#.#........####......###.#
#.!....................##.# #..
#.########.......#####.##.# ##.
#........#..........##.##.# #.
########.#####...##....##.# ##
####.#####.##########.# #
#........#y# ##....## #
#.#...##+#@### #......# #
#.#...#......####......# #
#.#...#......+..#......# #
#.#...#......##.#......####
#######.#...#......##.#..)......#
...................##.######.....
#######.#..........##.#######...[
#....).......##.##...##...†
#######......##.##...##....


You could see a killer bee.

Vanquished Creatures
  3 killer bees (D:4)
  An orc priest (D:3)
  An orc wizard (D:3)
  Natasha (twice) (D:2)
  Robin (D:3)
  8 adders
  A dart slug (D:2)
  8 orcs
  7 ball pythons
  A bat (D:2)
  5 endoplasms
  6 giant cockroaches
  6 hobgoblins
  A quokka (D:1)
  5 frilled lizards
  16 goblins
  6 kobolds
  6 rats
84 creatures vanquished.

Notes
Turn   | Place    | Note
-------+----------+-------------------------------------------
     0 | D:1      | blank1 the Gnoll Wanderer began the quest for the Orb.
     0 | D:1      | blank1 set off with the following items: a +2 spear, a +0
                  | hand axe, a +0 ring mail
     0 | D:1      | Reached XP level 1. HP: 20/20 MP: 4/4
   425 | D:1      | Reached XP level 2. HP: 26/26 MP: 5/5
   448 | D:1      | Found a faded altar of an unknown god.
   862 | D:2      | Noticed Natasha
   867 | D:2      | Reached XP level 3. HP: 31/31 MP: 7/7
   878 | D:2      | Killed Natasha
   879 | D:2      | Reached skill level 1 in Invocations
  1097 | D:2      | Reached skill level 1 in Short Blades
  1097 | D:2      | Reached skill level 1 in Long Blades
  1097 | D:2      | Reached skill level 1 in Maces & Flails
  1097 | D:2      | Reached skill level 1 in Staves
  1097 | D:2      | Reached skill level 1 in Slings
  1097 | D:2      | Reached skill level 1 in Bows
  1097 | D:2      | Reached skill level 1 in Crossbows
  1097 | D:2      | Reached skill level 1 in Throwing
  1097 | D:2      | Reached skill level 1 in Dodging
  1097 | D:2      | Reached skill level 1 in Stealth
  1097 | D:2      | Reached skill level 1 in Shields
  1097 | D:2      | Reached skill level 1 in Unarmed Combat
  1097 | D:2      | Reached skill level 1 in Evocations
  1144 | D:2      | Reached XP level 4. HP: 38/38 MP: 8/8
  1485 | D:2      | Reached skill level 1 in Conjurations
  1485 | D:2      | Reached skill level 1 in Hexes
  1485 | D:2      | Reached skill level 1 in Summonings
  1485 | D:2      | Reached skill level 1 in Necromancy
  1485 | D:2      | Reached skill level 1 in Translocations
  1485 | D:2      | Reached skill level 1 in Transmutations
  1485 | D:2      | Reached skill level 1 in Fire Magic
  1485 | D:2      | Reached skill level 1 in Ice Magic
  1485 | D:2      | Reached skill level 1 in Air Magic
  1485 | D:2      | Reached skill level 1 in Earth Magic
  1485 | D:2      | Reached skill level 1 in Poison Magic
  1620 | D:2      | Noticed Natasha
  1629 | D:2      | Killed Natasha
  1630 | D:2      | Reached XP level 5. HP: 40/43 MP: 9/9
  2020 | D:3      | Noticed Robin
  2025 | D:3      | Killed Robin
  2385 | D:3      | Reached XP level 6. HP: 30/50 MP: 10/10
  2717 | D:4      | Found Tiygoh's Overcharged Wands.
  3369 | D:4      | Reached skill level 5 in Fighting
  3369 | D:4      | Reached skill level 5 in Armour
  3383 | D:4      | HP: 2/51 [poisoned by a killer bee]
  3405 | D:4      | HP: 2/51 [killer bee (5)]
  3411 | D:4      | HP: 2/51 [killer bee (1)]
  3412 | D:4      | Succumbed to a killer bee's poison

Illustrated notes

Levels and vault maps discovered:
D:1:      lightli_arrival_noodles, layout_basic,
          shapermc_ecumenical_altar_mp_ritualfount
D:2:      layout_loops_ring, uniq_natasha
D:3:      minmay_evil_eye, layout_basic, uniq_robin
D:4:      layout_basic, nicolae_shop_overcharged_wands

Skill      XL: |  1  2  3  4  5  6 |
---------------+-------------------+-----
Invocations    | 1 2 |  2.3
Short Blades   | 1 2 |  2.1
Long Blades    | 1 2 |  2.1
Maces & Flails | 1 2 |  2.1
Staves         | 1 2 |  2.1
Slings         | 1 2 |  2.1
Bows           | 1 2 |  2.1
Crossbows      | 1 2 |  2.1
Throwing       | 1 2 |  2.1
Dodging        | 1 2 |  2.1
Stealth        | 1 2 |  2.1
Shields        | 1 2 |  2.1
Unarmed Combat | 1 2 |  2.1
Evocations     | 1 2 |  2.1
Spellcasting   | 3 |  3.5
Conjurations   | 1 |  1.7
Hexes          | 1 |  1.7
Summonings     | 1 |  1.7
Necromancy     | 1 |  1.7
Translocations | 1 |  1.7
Transmutations | 1 |  1.7
Fire Magic     | 1 |  1.7
Ice Magic      | 1 |  1.7
Air Magic      | 1 |  1.7
Earth Magic    | 1 |  1.7
Poison Magic   | 1 |  1.7
Axes           | 3 |  3.3
Fighting       | 5 |  5.0
Armour         | 5 |  5.0
Polearms       | |  8.8

Action                   |  1- 3 |  4- 6 || total
-------------------------+-------+-------++-------
Melee: Spear             |    78 |   155 ||   233
       Bite              |     3 |    15 ||    18
       Trident           |       |    64 ||    64
  Use: Potion            |       |     4 ||     4
 Stab: Sleeping          |       |     1 ||     1
Armor: Ring mail         |    18 |    82 ||   100
Dodge: Dodged            |     9 |    88 ||    97
Block: Kite shield       |    11 |    69 ||    80

Table legend: (Time is in decaauts)
 A = Elapsed time spent in this place.
 B = Non-inter-level travel time spent in this place.
 C = Inter-level travel time spent in this place.
 D = Time resting spent in this place.
 E = Time spent auto-exploring this place.
 F = Levels seen in this place.
 G = Mean time per level.
                   A        B        C        D        E       F      G
               +--------+--------+--------+--------+--------+-----+--------+
         Total |   3383 |   3227 |    156 |     42 |   2553 |   4 |  845.8 |
       Dungeon |   3383 |   3227 |    156 |     42 |   2553 |   4 |  845.8 |
               +--------+--------+--------+--------+--------+-----+--------+

Top non-repeatable levels by time:
     D:2: 957 daAuts
     D:3: 938 daAuts
     D:1: 784 daAuts
     D:4: 703 daAuts
